 Dungeon Crawl Stone Soup version 0.27-a0-631-g2d681adce0 (webtiles) character file.

Game seed: 6433825790986007777

32 inc the Scratcher (level 3, -1/17 HPs)
             Began as a Felid Chaos Knight on Mar 13, 2021.
             Was a Plaything of Xom.
             Slain by Grinder (4 damage)
             ... on level 2 of the Dungeon.
             The game lasted 00:02:55 (1777 turns).

inc the Scratcher (Felid Chaos Knight)              Turns: 1777, Time: 00:02:56

Health: -1/17      AC:  1    Str:  8    XL:     3   Next: 10%
Magic:  4/4        EV: 18    Int: 13    God:    Xom [..*...]
Gold:   81         SH:  0    Dex: 16    Spells: 2/2 levels left
                                        Lives:  0   Deaths: 0

rFire    . . .     SeeInvis +     - Unarmed
rCold    . . .     Faith    .   (shield unavailable)
rNeg     . . .     Spirit   .   (armour unavailable)
rPois    .         Reflect  .   (helmet unavailable)
rElec    .         Harm     .   (cloak unavailable)
rCorr    .         Rampage  .   (gloves unavailable)
Will     .....                  (boots unavailable)
Stlth    ++........             (no amulet)
HPRegen  0.05/turn              (no ring)
MPRegen  0.09/turn              (no ring)

@: hasted, very quick
A: very small, claws 1, fangs 3, see invisible, speed 1, shaggy fur 1, stealthy
paws, no weapons or thrown items, no armour, multi-lived
a: Renounce Religion


You were on level 2 of the Dungeon.
You worshipped Xom.
You were a toy of Xom.
You visited 1 branch of the dungeon, and saw 3 of its levels.

You collected 81 gold pieces.

Inventory:

Jewellery
 h - a ring of ice
Scrolls
 b - a scroll of enchant weapon {unknown}
 c - 2 scrolls of teleportation {unknown}
 d - a scroll of immolation {unknown}
 e - 2 scrolls of magic mapping {unknown}
 f - a scroll of noise {unknown}
 g - 2 scrolls of identify {unknown}
Potions
 a - a potion of haste


   Skills:
 - Level 3.0 Fighting
 - Level 3.2 Dodging
 + Level 4.3 Unarmed Combat


You had 2 spell levels left.
You didn't know any spells.
Your spell library was empty.

Dungeon Overview and Level Annotations

Branches:
Dungeon (3/15)

Altars:
Ashenzari
Cheibriados
Makhleb
The Shining One

Annotations:
D:2 Grinder


Innate Abilities, Weirdness & Mutations

You have sharp claws.
You have razor-sharp teeth.
You have supernaturally acute eyesight. (SInv)
You cover ground quickly. (Speed+)
You are covered in fur. (AC +1)
Your stealthy paws help you sneak and pounce on unaware monsters.
You are incapable of wielding weapons or throwing items.
You cannot wear armour.
You gain extra lives every three experience levels.


Message History

There is a stone staircase leading down here.
(D) Dungeon
Where to? (Enter - D:2 @ (x,y), ? - help)
You climb downwards.
Level annotation: Grinder A kobold and an orc come into view.
Grinder shouts!
Found a puce potion and 30 stones.
Found a stone staircase leading down.
There is a stone staircase leading up here.
Grinder blinks!
A bat comes into view.
There is a stone staircase leading up here.
The bat closely misses you.
You climb upwards.
There is a stone staircase leading down here.
You see here 26 arrows.
There is a stone staircase leading down here.
(D) Dungeon
Where to? (Enter - D:2 @ (x,y), ? - help)
You climb downwards.
Level annotation: Grinder Grinder blinks!
Grinder misses you.
There is a stone staircase leading up here.
There are monsters nearby!
Grinder gestures at you. Pain shoots through your body!
Ouch! That really hurt!
* * * LOW HITPOINT WARNING * * *
Xom is interested.
A shower of butterflies erupts from you!
You climb upwards.
Your summoned allies are left behind.
There is a stone staircase leading down here.
Unknown command.
Unknown command.
Okay, then.
It was a potion of haste.
You feel yourself speed up.
Xom is interested.
Grinder hits you.
You die...
Xom titters!

#.......####
#..........#
#..^..).##.#
##.....###.#######
##...## #.......#
##.## #######.# #
#.# #.# # ###.#
#.### #.@.# #....
#5### #####
#.########### ##
#########
#...........# #.
#....r..#
#.#########.# #.
#.#####.# #.#
##.######. #.# #.#
#.# #......... #.#
#.# #.# #.######..
#.# #.# #.# #.#
#..


You could see Grinder.

Vanquished Creatures
  7 bats
  2 giant cockroaches
  7 goblins
  A hobgoblin (D:2)
  2 quokkas (D:2)
  A ball python (D:2)
  A frilled lizard (D:2)
  6 kobolds
  A rat (D:2)
28 creatures vanquished.

Notes
Turn   | Place    | Note
-------+----------+-------------------------------------------
     0 | D:1      | inc the Felid Chaos Knight began the quest for the Orb.
     0 | D:1      | Reached XP level 1. HP: 10/10 MP: 2/2
   316 | D:2      | XOM: silly message
   506 | D:2      | XOM: silly message
   540 | D:2      | XOM: divination: magic mapping
   568 | D:2      | Found a snail-covered altar of Cheibriados.
   576 | D:2      | Reached XP level 2. HP: 14/14 MP: 3/3
   649 | D:2      | XOM: divination: detect items
   891 | D:2      | XOM: smoke on damage
   976 | D:2      | XOM: silly message
  1079 | D:2      | Found a glowing golden altar of the Shining One.
  1079 | D:2      | XOM is BORED!
  1079 | D:2      | XOM: noise
  1149 | D:2      | Reached skill level 4 in Unarmed Combat
  1229 | D:2      | Found a burning altar of Makhleb.
  1230 | D:2      | Found a broken altar of Ashenzari.
  1240 | D:2      | XOM: enchant monster (good)
  1357 | D:2      | XOM: 1-stop teleportation journey
  1418 | D:2      | Reached XP level 3. HP: 16/17 MP: 4/4
  1554 | D:3      | Noticed Grinder
  1775 | D:3      | XOM: butterfly on damage
  1777 | D:2      | Slain by Grinder

Illustrated notes

Levels and vault maps discovered:
D:1:      psy_arrival_statuary, layout_loops_cross
D:2:      layout_loops_ring, cheibriados_altar_1, lemuel_doored_altar,
          chequers_temple_overflow_statue_of_worship
D:3:      layout_rooms, bloody_trog, uniq_grinder, uniq_jessica

Skill      XL: |  1  2 |
---------------+-------+-----
Unarmed Combat | 4 |  4.3
Fighting       | |  3.0
Dodging        | |  3.2

Action                   || total
-------------------------++-------
Melee: Unarmed           ||    82
       Bite              ||     4
       Punch             ||     1
  Use: Potion            ||     1
 Stab: Sleeping          ||     5
Armor: Skin              ||     4
Dodge: Dodged            ||    67

Table legend: (Time is in decaauts)
 A = Elapsed time spent in this place.
 B = Non-inter-level travel time spent in this place.
 C = Inter-level travel time spent in this place.
 D = Time resting spent in this place.
 E = Time spent auto-exploring this place.
 F = Levels seen in this place.
 G = Mean time per level.
                   A        B        C        D        E       F      G
               +--------+--------+--------+--------+--------+-----+--------+
         Total |   1565 |   1412 |    153 |    140 |    960 |   3 |  521.7 |
       Dungeon |   1565 |   1412 |    153 |    140 |    960 |   3 |  521.7 |
               +--------+--------+--------+--------+--------+-----+--------+

Top non-repeatable levels by time:
     D:2: 1259 daAuts
     D:1: 260 daAuts
     D:3: 44 daAuts
